 Dungeon Crawl Stone Soup version 0.28.0-62-gf88900778d (webtiles) character file.

Game seed: 6496352476911512520

96 cbfl8 the Skirmisher (level 4, -5/40 HPs)
             Began as a Minotaur Abyssal Knight on June 21, 2023.
             Was a Believer of Lugonu.
             Slain by an ogre
             ... wielding a +0 giant club
              (10 damage)
             ... while paralysed by Ijyb
             ... on level 4 of the Dungeon.
             The game lasted 00:03:57 (3029 turns).

cbfl8 the Skirmisher (Minotaur Abyssal Knight)      Turns: 3029, Time: 00:03:57

Health: -5/40      AC:  6    Str: 19    XL:     4   Next: 41%
Magic:  4/4        EV:  2    Int: 13    God:    Lugonu [**....]
Gold:   63         SH:  0    Dex: 11    Spells: 3/3 levels left

rFire   + . .      SeeInvis .   a - +1 hand axe
rCold   . . .      Faith    .   m - +0 buckler
rNeg    . . .      Spirit   .   i - +0 ring mail
rPois   .          Reflect  .   (helmet restricted)
rElec   .          Harm     .   (no cloak)
rCorr   .          Rampage  .   j - +0 pair of gloves
Will    .....                   (no boots)
Stlth   +.........              (no amulet)
HPRegen 0.13/turn               f - ring of protection from fire
MPRegen 0.09/turn               h - +6 ring of intelligence

@: paralysed, mighty, lethally poisoned (-5 -> -10)
A: horns 2, retaliatory headbutt
a: Renounce Religion, Depart the Abyss, Bend Space


You were on level 4 of the Dungeon.
You worshipped Lugonu.
Lugonu was pleased with you.
You visited 1 branch of the dungeon, and saw 4 of its levels.
You visited the Abyss 1 time.

You collected 63 gold pieces.

Inventory:

Hand Weapons
 a - a +1 hand axe (weapon)
Armour
 i - a +0 ring mail (worn)
 j - a +0 pair of gloves (worn)
 m - a +0 buckler (worn)
Jewellery
 f - a ring of protection from fire (left hand)
 h - a +6 ring of intelligence (right hand)
 l - a ring of fire
Scrolls
 c - a scroll of fear {unknown}
 d - 3 scrolls of teleportation
Potions
 b - a potion of flight {unknown}
 e - a potion of attraction {unknown}
 g - a potion of brilliance {unknown}


   Skills:
 + Level 4.1 Fighting
 * Level 4.1 Axes
 * Level 2.9 Armour
 * Level 1.7 Dodging
 * Level 0.8 Stealth
 + Level 2.0 Invocations
 * Level 0.6 Evocations


You had 3 spell levels left.
You didn't know any spells.
Your spell library contained the following spells:

 Spells                   Type           Power      Damage    Failure   Level
 Magic Dart               Conj           0%         1d3       58%         1
 Searing Ray              Conj           0%         2d4       73%         2
 Fulminant Prism          Conj/Hex       0%         3d6       100%        4


Dungeon Overview and Level Annotations

Branches:
Dungeon (4/15)
 Temple: D:4-7

Altars:
The Shining One

Annotations:
D:3 Grinder
D:4 Ijyb


Innate Abilities, Weirdness & Mutations

You have a pair of horns on your head.
You reflexively headbutt those who attack you in melee.


Message History

There is a stone staircase leading down here.
c - a scroll labelled OHAXZE KYGENT You see here a +0 pair of gloves.
j - a +0 pair of gloves You start putting on your armour.
You continue putting on your +0 pair of gloves. x4
You finish putting on your +0 pair of gloves.
Grinder shouts!
Grinder blinks!
There is a stone staircase leading down here.
You climb downwards.
Ijyb shouts!
There is a stone staircase leading up here.
Okay, then.
An ogre comes into view. It is wielding a +0 giant club.
The ogre shouts!
The ogre hits you with a +0 giant club!!
Ouch! That really hurt!
You closely miss Ijyb.
Ijyb zaps a wand.
You suddenly lose the ability to move!
The ogre hits you with a +0 giant club.
Ijyb hits you with a +0 dagger of venom.
You can move again.
You feel better. The ogre completely misses you.
Ijyb zaps a wand.
You shrug off the repeated paralysis!
You feel better. Ijyb hits you but does no damage. The ogre barely misses you.
It was a potion of might.
You feel very mighty all of a sudden.
Ijyb zaps a wand.
You suddenly lose the ability to move!
The ogre hits you with a +0 giant club! Ijyb hits you but does no damage.
You are poisoned.
You feel sick. The ogre hits you with a +0 giant club.
* * * LOW HITPOINT WARNING * * *
Ijyb zaps a wand.
You shrug off the repeated paralysis!
* * * LOW HITPOINT WARNING * * *
You feel sick.
Ijyb screams, "No!
No, no, no, no!"
Ijyb zaps a wand.
You shrug off the repeated paralysis!
The ogre hits you with a +0 giant club!
You die...

# #.####... #.#g#
....
#.###.#.####.#
...
.............#...
^.###.#.###..#..
...#.# #.# ....
#.# ..# .....
#.#####..#.#..
....
#.g@O........#
....
########.#.#.# #


You could see an ogre and Ijyb.

Vanquished Creatures
  3 adders
  2 worms (D:2)
  A dart slug (D:1)
  9 endoplasms
  4 giant cockroaches (D:2)
  4 goblins
  4 hobgoblins (D:2)
  A jackal (D:2)
  3 kobolds
  5 quokkas
  7 ball pythons
  4 bats
  5 frilled lizards
  5 rats (D:2)
57 creatures vanquished.

Vanquished Creatures (others)
  2 fungi (D:4)
2 creatures vanquished.

Grand Total: 59 creatures vanquished

Notes
Turn   | Place    | Note
-------+----------+-------------------------------------------
     0 | Abyss:1  | cbfl8 the Minotaur Abyssal Knight began the quest for the
                  | Orb.
     0 | Abyss:1  | Reached XP level 1. HP: 19/19 MP: 1/1
    10 | D:1      | Escaped the Abyss
   138 | D:1      | Found a faded altar of an unknown god.
   189 | D:1      | Reached XP level 2. HP: 27/27 MP: 2/2
   866 | D:2      | Reached XP level 3. HP: 32/33 MP: 3/3
  1442 | D:2      | Reached ** piety under Lugonu
  1650 | D:2      | Reached XP level 4. HP: 38/40 MP: 4/4
  2581 | D:3      | Noticed Grinder
  2945 | D:3      | Found a glowing golden altar of the Shining One.
  3005 | D:4      | Noticed Ijyb
  3017 | D:4      | Noticed an ogre
  3022 | D:4      | Paralysed by Ijyb for 2 turns
  3026 | D:4      | Paralysed by Ijyb for 5 turns
  3029 | D:4      | Slain by an ogre

Illustrated notes

Levels and vault maps discovered:
D:1:      wander_arrival_peaceful_grave, layout_loops_ring,
          chequers_ecumenical_altar_simple
D:2:      minmay_thinvault, layout_basic, minivault_23
D:3:      layout_basic, mainiacjoe_overflow_catwalk, uniq_grinder
D:4:      layout_basic, grunt_temple_overflow_forces_of_nature,
          lemuel_round_altar, mainiacjoe_overflow_cross_hatched,
          temple_fountains, hellmonk_ghost_happy_afterlife,
          kennysheep_generic_room_13, uniq_ijyb, uniq_menkaure

Skill      XL: |  1  2  3  4 |
---------------+-------------+-----
Fighting       | 4 |  4.1
Axes           | 3 4 |  4.1
Invocations    | 2 |  2.0
Armour         | |  2.9
Dodging        | |  1.7
Stealth        | |  0.8
Evocations     | |  0.6

Action                   |  1- 3 |  4- 6 || total
-------------------------+-------+-------++-------
Melee: Hand axe          |    76 |    36 ||   112
       Headbutt          |     7 |     5 ||    12
       Punch             |     1 |       ||     1
  Use: Scroll            |       |     5 ||     5
       Potion            |       |     3 ||     3
Armor: Leather armour    |    10 |       ||    10
       Ring mail         |    11 |    16 ||    27
Dodge: Dodged            |    41 |    23 ||    64
Block: Buckler           |       |     3 ||     3
